 Dungeon Crawl Stone Soup version 0.22.0 (webtiles) character file.

705 DUSTMIGHTY the Covered (level 7, -1/60 HPs)
             Began as a Minotaur Gladiator on Oct 4, 2018.
             Engulfed by a cloud of freezing vapour (20 damage)
             ... on level 4 of the Dungeon.
             The game lasted 00:31:07 (2838 turns).

DUSTMIGHTY the Covered (Minotaur Gladiator)         Turns: 2838, Time: 00:31:07

Health: -1/60      AC:  7    Str: 18    XL:     7   Next: 39%
Magic:  6/6        EV: 11    Int:  6    God:
Gold:   160        SH:  0    Dex: 13    Spells: 6/6 levels left

rFire    . . .     SeeInvis .   G - +0 flail (protect)
rCold    . . .     Gourm    .   (no shield)
rNeg     . . .     Faith    .   E - +0 chain mail
rPois    .         Spirit   .   c - +0 hat
rElec    .         Reflect  .   y - +0 cloak
rCorr    .         Harm     .   (no gloves)
MR       .....                  (no boots)
Stlth    ..........             (no amulet)
HPRegen  0.20/turn              (no ring)
MPRegen  0.10/turn              (no ring)

@: no status effects
A: retaliatory headbutt, hooves 1, horns 2, repulsion field 1, blurry vision 1,
deformed body
a: no special abilities


You were on level 4 of the Dungeon.
You were full.

You visited 1 branch of the dungeon, and saw 4 of its levels.

You collected 160 gold pieces.

Inventory:

Hand Weapons
 a - a +0 war axe
 k - a +0 mace
 C - a +0 trident
 D - a +0 giant club
 G - a +0 flail of protection (weapon)
 H - a +0 long sword
Missiles
 d - 3 throwing nets (quivered)
 e - 78 arrows
 f - 4 large rocks
Armour
 b - a +0 leather armour
 c - a +0 hat (worn)
 g - a +0 leather armour
 j - a scarf of resistance
 p - a +0 ring mail
 s - a +2 helmet
 x - a +0 naga barding
 y - a +0 cloak (worn)
 B - a +0 ring mail
 E - a +0 chain mail (worn)
Wands
 w - a wand of iceblast (9)
Scrolls
 h - 3 scrolls of remove curse
 l - a scroll of fog {unknown}
 m - 2 scrolls of teleportation {unknown}
 n - a scroll of immolation {unknown}
 r - a scroll of enchant armour {unknown}
 t - 2 scrolls of identify {unknown}
 u - a scroll of enchant weapon {unknown}
 v - a scroll of random uselessness {unknown}
 A - a scroll of magic mapping {unknown}
Potions
 i - a potion of agility {unknown}
 o - a potion of heal wounds {unknown}
 q - 2 potions of berserk rage {unknown}
 z - a potion of haste {unknown}
 I - a potion of resistance
Comestibles
 F - a ration


   Skills:
 + Level 4.4 Fighting
 + Level 4.0(5.2) Axes
 + Level 5.0(5.7) Maces & Flails
 + Level 2.1 Throwing
 + Level 5.2 Armour
 + Level 4.9 Dodging
 + Level 0.6 Stealth


You had 6 spell levels left.
You didn't know any spells.
Your spell library was empty.

Dungeon Overview and Level Annotations

Branches:
Dungeon (4/15)
 Temple: D:4-7

Altars:

Annotations:
D:4 1 transporter


Innate Abilities, Weirdness & Mutations

You reflexively headbutt those who attack you in melee.
You have a pair of horns on your head.
You have large cloven feet.
You are surrounded by a mild repulsion field. (EV +2)
Scrolls take you a little longer to read.
Armour fits poorly on your strangely shaped body.


Message History

Your Armour skill increases to level 5!
The ice beast hits you but does no damage.
You hit the ice beast but do no damage. Your kick misses the ice beast.
The ice beast is severely wounded.
The ice beast hits you but does no damage.
You barely miss the ice beast. You kick the ice beast.
You headbutt the ice beast, but do no damage.
The ice beast is severely wounded.
The ice beast hits you but does no damage.
You hit the ice beast. You headbutt the ice beast!
You kill the ice beast!
Your Maces & Flails skill increases to level 5!
Really walk into a travel-excluded area?
Okay, then.
Really walk into that cloud of freezing vapour?
Really walk into a travel-excluded area?
You are engulfed in freezing vapours.
There is an open gate here.
You are engulfed in freezing vapours.
You die...

#....# #....#.†..####......
#....# #....#....# #......
#######....###....#....# #...##.
...............############......
.......#########§§§§§# #....####.
.......##§§§§§§#§§§§§###....# #.
......###§§§§§§#§§§§§###....# #.
........#§§#.#.§§§.$(#..###'####.
.......©#§§©...§@§.%©#©..........
........#§§#.#.§§§.$!#...[.......
..[.....#§§§§§§#§§.§.###........>
.....####§§§§§§#§§§§§###.........
..... ########§§§§§# #.........
...$. ####### #......... ####.
#########... ## #...........
########...........


There were no monsters in sight!

Vanquished Creatures
  3 ice beasts (D:4)
  An ogre (D:3)
  A scorpion (D:4)
  A hound (D:4)
  A bullfrog skeleton (D:4)
  3 worker ants
  8 adders
  An ooze (D:1)
  An adder skeleton (D:4)
  A worm (D:3)
  2 leopard geckos (D:1)
  2 orcs (D:3)
  2 giant cockroaches
  6 goblins
  13 hobgoblins
  7 jackals
  6 kobolds
  9 bats
  6 frilled lizards
  8 rats
82 creatures vanquished.

Notes
Turn   | Place    | Note
-------+----------+-------------------------------------------
     0 | D:1      | DUSTMIGHTY the Minotaur Gladiator began the quest for the Orb.
     0 | D:1      | Reached XP level 1. HP: 18/18 MP: 0/0
   197 | D:1      | Reached XP level 2. HP: 25/25 MP: 1/1
   572 | D:1      | Reached XP level 3. HP: 29/30 MP: 2/2
   946 | D:2      | Reached skill level 1 in Maces & Flails
   947 | D:2      | Gained mutation: Scrolls take you a little longer to read. [potion of mutation]
   947 | D:2      | Gained mutation: Armour fits poorly on your strangely shaped body. [potion of mutation]
   947 | D:2      | Gained mutation: You have large cloven feet. [potion of mutation]
   947 | D:2      | Gained mutation: You are surrounded by a mild repulsion field. (EV +2) [potion of mutation]
  1058 | D:2      | Reached skill level 1 in Armour
  1105 | D:2      | Reached XP level 4. HP: 28/38 MP: 3/3
  1750 | D:3      | Noticed an ogre
  1754 | D:3      | Killed an ogre
  1754 | D:3      | Reached XP level 5. HP: 45/45 MP: 4/4
  2339 | D:4      | Reached XP level 6. HP: 39/51 MP: 5/5
  2694 | D:4      | Found a transporter.
  2702 | D:4      | Noticed an ice beast
  2702 | D:4      | Noticed an ice beast
  2702 | D:4      | Noticed an ice beast
  2793 | D:4      | Found a transporter.
  2811 | D:4      | Killed an ice beast
  2811 | D:4      | Reached XP level 7. HP: 59/59 MP: 6/6
  2821 | D:4      | Reached skill level 5 in Armour
  2824 | D:4      | Reached skill level 5 in Maces & Flails
  2838 | D:4      | Engulfed by a cloud of freezing vapour

Skill      XL: |  1  2  3  4  5  6  7 |
---------------+----------------------+-----
Axes           | 4 |  4.0
Dodging        | 4 |  4.9
Maces & Flails | 1 2 3 4 5 |  5.0
Fighting       | 3 4 |  4.4
Armour         | 1 2 3 4 5 |  5.2
Throwing       | |  2.1
Stealth        | |  0.6

Action                   |  1- 3 |  4- 6 |  7- 9 || total
-------------------------+-------+-------+-------++-------
Melee: War axe           |    10 |       |       ||    10
       Mace              |    52 |    64 |       ||   116
       Headbutt          |    12 |    21 |     3 ||    36
       Kick              |     2 |    21 |     4 ||    27
       Flail             |       |    32 |    12 ||    44
  Use: Potion            |     1 |     2 |       ||     3
       Scroll            |       |     1 |       ||     1
  Eat: Ration            |       |     3 |       ||     3
Armor: Leather armour    |    10 |       |       ||    10
       Ring mail         |    12 |    27 |       ||    39
       Chain mail        |       |    16 |     9 ||    25
Dodge: Dodged            |    65 |    96 |     9 ||   170
